 Dungeon Crawl Stone Soup version 0.31-a0-1074-g0b22e4e0f1 (webtiles) character file.

Game seed: 3227005413508471197

165 wildpjah the Ducker (level 5, -3/54 HPs)
             Began as a Merfolk Gladiator on Dec 5, 2023.
             Slain by an orc
             ... wielding a +0 flail
              (7 damage)
             ... on level 3 of the Dungeon.
             The game lasted 00:03:19 (1903 turns).

wildpjah the Ducker (Merfolk Gladiator)             Turns: 1903, Time: 00:03:20

Health: -3/54      AC: 22    Str: 14    XL:     5   Next: 46%
Magic:  5/5        EV:  2    Int: 11    God:
Gold:   100        SH:  4    Dex: 16    Spells: 4/4 levels left

rFire   . . .        a - +0 long sword
rCold   . . .        h - +0 buckler
rNeg    . . .        b - melded +0 leather armour
rPois   +            c - melded +0 helmet
rElec   .            q - melded +0 cloak
rCorr   .            (gloves currently unavailable)
SInv    .            (boots currently unavailable)
Will    .....        f - amulet of the acrobat
Stlth   ++           (no ring)
HPRegen 0.29/turn    (no ring)
MPRegen 0.09/turn

%: acrobat
@: tree-form
A: stationary, stasis, torment immunity, boosted hp, (nimble swimmer 2),
(mertail), clever 1, frail 1, wild magic 1
a: no special abilities


You were on level 3 of the Dungeon.
You were a tree.
You visited 1 branch of the dungeon, and saw 3 of its levels.

You collected 100 gold pieces.

Inventory:

Hand Weapons
 a - a +0 long sword (weapon)
Missiles
 d - 3 throwing nets (quivered)
 e - a javelin
Armour
 b - a +0 leather armour (melded)
 c - a +0 helmet (melded)
 h - a +0 buckler (worn)
 q - a +0 cloak (melded)
Jewellery
 f - an amulet of the acrobat (around neck)
Scrolls
 l - a scroll of identify {unknown}
 n - a scroll of vulnerability {unknown}
Potions
 g - a potion of lignification
 i - a potion of curing {unknown}
 j - a potion of degeneration {unknown}
 k - a potion of enlightenment {unknown}
 m - a potion of mutation
 o - a potion of attraction {unknown}
 p - a potion of heal wounds {unknown}


   Skills:
 + Level 2.9 Fighting
 + Level 5.0 Long Blades
 + Level 2.1 Throwing
 + Level 0.7 Armour
 * Level 5.1 Dodging
 + Level 1.0 Stealth
 * Level 1.6 Shields


You had 4 spell levels left.
You didn't know any spells.
Your spell library contained the following spells:

 Spells                   Type           Power      Damage    Failure   Level
 Apportation              Tloc           0%         N/A       52%         1
 Jinxbite                 Hex            0%         N/A       67%         2
 Alistair's Intoxication  Tmut/Pois      0%         N/A       100%        5


Dungeon Overview and Level Annotations

Branches:
Dungeon (3/15)

Altars:


Innate Abilities, Weirdness & Mutations

You are a tree.
Your roots penetrate the ground, keeping you stationary.
You cannot be teleported.
You are immune to unholy pain and torment.
Your maximum health is greatly increased.
Your equipment is partially melded.
((You are very nimble when in or above water. (Stealth+, EV+, Speed+++)))
((Your lower body shifts to a powerful aquatic tail in water.))
Your mind is acute. (Int +4, Str/Dex -1)
You are frail. (-10% HP)
Your spells are a little harder to cast, but a little more powerful.


Message History

You block the orc's attack. The adder bites you but does no damage.
It was a potion of mutation.
You feel extremely strange.
You feel frail.
You feel less in control of your magic.
You feel clever. You block something's attack. The adder closely misses you.
The orc barely misses you.
It was a potion of lignification.
You turn into a tree.
Your +0 cloak melds into your body.
Your +0 helmet melds into your body.
Your +0 leather armour melds into your body.
Your roots penetrate the ground.
The adder bites you but does no damage. Something hits you but does no damage.
The orc hits you with a +0 flail.
* * * LOW HITPOINT WARNING * * *
The adder bites you but does no damage.
You closely miss the adder.
The adder is moderately wounded.
You hear some strange, mumbled words.
A magic dart appears from out of thin air!
The magic dart hits you.
* * * LOW HITPOINT WARNING * * *
You block the orc's attack. You block the adder's attack. Something hits you.
* * * LOW HITPOINT WARNING * * *
The orc hits you with a +0 flail.
* * * LOW HITPOINT WARNING * * *
You hit the adder.
The adder is heavily wounded.
The adder bites you but does no damage. You block the adder's attack.
You hear some strange, mumbled words.
A puff of flame appears from out of thin air!
The puff of flame hits you but does no damage.
The orc hits you but does no damage.
You miss the adder.
The adder is moderately wounded.
The adder bites you.
* * * LOW HITPOINT WARNING * * *
Something hits you but does no damage. The orc barely misses you.
Unknown command.
You closely miss the adder.
The adder is moderately wounded.
The adder bites you but does no damage. Something hits you but does no damage.
The orc hits you with a +0 flail!
You die...

#.##)..#.# #.#
#.##...#.####.###
#.##...#........#
#.##|..#........#
#.##...#........#
#.##...........##
#....>.........#
#####..........#
##...♣o....+
#...{S....#
#####'##### #)#
... ..... .......
.........
#..........


You could see an adder and an orc.

Vanquished Creatures
  Crazy Yiuf (D:2)
  Natasha (D:2)
  4 gnolls
  3 adders (D:2)
  A dart slug (D:2)
  3 orcs (D:3)
  2 ball pythons (D:1)
  5 endoplasms
  3 giant cockroaches (D:1)
  2 goblins
  5 hobgoblins
  4 quokkas (D:1)
  A frilled lizard (D:1)
  3 kobolds
  4 rats
42 creatures vanquished.

Notes
Turn   | Place    | Note
-------+----------+-------------------------------------------
     0 | D:1      | wildpjah the Merfolk Gladiator began the quest for the Orb.
     0 | D:1      | Reached XP level 1. HP: 16/16 MP: 1/1
   200 | D:1      | Reached XP level 2. HP: 21/22 MP: 2/2
   627 | D:1      | Reached XP level 3. HP: 26/27 MP: 3/3
   915 | D:2      | Reached skill level 1 in Shields
   971 | D:2      | Found a faded altar of an unknown god.
  1023 | D:2      | Reached XP level 4. HP: 34/34 MP: 4/4
  1435 | D:2      | Noticed Natasha
  1439 | D:2      | Killed Natasha
  1440 | D:2      | Reached XP level 5. HP: 39/39 MP: 5/5
  1660 | D:2      | Reached skill level 5 in Dodging
  1671 | D:2      | Found a runed translucent door.
  1672 | D:2      | Noticed Crazy Yiuf
  1680 | D:2      | Killed Crazy Yiuf
  1681 | D:2      | Reached skill level 5 in Long Blades
  1681 | D:2      | Reached skill level 1 in Stealth
  1898 | D:3      | Gained mutation: You are frail. (-10% HP) [potion of
                  | mutation]
  1898 | D:3      | Gained mutation: Your spells are a little harder to cast,
                  | but a little more powerful. [potion of mutation]
  1898 | D:3      | Gained mutation: Your mind is acute. (Int +4, Str/Dex -1)
                  | [potion of mutation]
  1903 | D:3      | Slain by an orc

Illustrated notes

Levels and vault maps discovered:
D:1:      lightli_arrival_statue_moat, layout_loops_cross
D:2:      layout_basic, shapermc_ecumenical_altar_venn, uniq_crazy_yiuf_cottage,
          uniq_natasha
D:3:      layout_basic, serial_shops, nicolae_shop_scrapyard, uniq_robin

Skill      XL: |  1  2  3  4  5 |
---------------+----------------+-----
Long Blades    | 4 5 |  5.0
Shields        | 1 |  1.6
Dodging        | 5 |  5.1
Stealth        | 1 |  1.0
Fighting       | |  2.9
Throwing       | |  2.1
Armour         | |  0.7

Action                     |  1- 3 |  4- 6 || total
---------------------------+-------+-------++-------
  Melee: Long sword        |    83 |    64 ||   147
  Throw: Throwing net      |       |     1 ||     1
    Use: Potion            |       |     2 ||     2
   Stab: Sleeping          |     2 |     2 ||     4
         Distracted        |     1 |       ||     1
         Held in net/web   |       |     1 ||     1
 Armour: Leather armour    |    23 |    29 ||    52
         Skin              |       |    15 ||    15
  Dodge: Dodged            |    58 |    64 ||   122
  Block: Buckler           |    11 |    20 ||    31

Table legend: (Time is in decaauts)
 A = Elapsed time spent in this place.
 B = Non-inter-level travel time spent in this place.
 C = Inter-level travel time spent in this place.
 D = Time resting spent in this place.
 E = Time spent auto-exploring this place.
 F = Levels seen in this place.
 G = Mean time per level.
                   A        B        C        D        E       F      G
               +--------+--------+--------+--------+--------+-----+--------+
         Total |   1937 |   1846 |     91 |     48 |   1418 |   3 |  645.7 |
       Dungeon |   1937 |   1846 |     91 |     48 |   1418 |   3 |  645.7 |
               +--------+--------+--------+--------+--------+-----+--------+

Top non-repeatable levels by time:
     D:2: 973 daAuts
     D:1: 872 daAuts
     D:3: 91 daAuts
